 Dungeon Crawl Stone Soup version 0.25-a0-591-g2ad0d86 (webtiles) character file.

Game seed: 17014944669940892133, levelgen mode: deterministic

384 CloutOrc the Chopper (level 6, -8/56 HPs)
             Began as a Hill Orc Berserker on Mar 13, 2020.
             Was a Priest of Trog.
             Mangled by an ice beast (15 damage)
             ... on level 4 of the Dungeon.
             The game lasted 00:21:50 (3250 turns).

CloutOrc the Chopper (Hill Orc Berserker)           Turns: 3250, Time: 00:21:50

Health: -8/56      AC: 13    Str: 25    XL:     6   Next: 77%
Magic:  6/6        EV:  9    Int:  9    God:    Trog [***...]
Gold:   138        SH:  5    Dex: 12    Spells: 5/5 levels left

rFire    . . .     SeeInvis .   x - +1 hand axe (freeze)
rCold    . . .     Gourm    .   k - +2 buckler
rNeg     . . .     Faith    .   B - +0 chain mail
rPois    .         Spirit   .   F - +0 helmet
rElec    .         Reflect  .   (no cloak)
rCorr    .         Harm     +   (no gloves)
MR       .....                  l - +0 pair of boots
Stlth    ..........             E - amulet of harm
HPRegen  0.18/turn              G - +3 ring of strength
MPRegen  0.10/turn              (no ring)

@: no status effects
A: iridescent scales 1, agile 1, clever 1, deterioration 1
a: Berserk, Trog's Hand, Renounce Religion


You were on level 4 of the Dungeon.
You worshipped Trog.
Trog was most pleased with you.
You were not hungry.

You visited 1 branch of the dungeon, and saw 4 of its levels.

You collected 138 gold pieces.

Inventory:

Hand Weapons
 x - a +1 hand axe of freezing (weapon)
Missiles
 a - 7 datura-tipped darts (quivered)
 n - 42 stones
 o - 38 sling bullets
 A - 5 poisoned darts
Armour
 k - a +2 buckler (worn)
 l - a +0 pair of boots (worn)
 B - a +0 chain mail (worn)
 F - a +0 helmet (worn)
Jewellery
 g - an uncursed ring of resist corrosion {unknown}
 p - an uncursed amulet of the acrobat
 E - an amulet of harm (around neck)
 G - a +3 ring of strength (left hand)
Scrolls
 d - a scroll of amnesia {unknown}
 e - a scroll of identify {unknown}
 f - a scroll of immolation {unknown}
 j - a scroll of teleportation
 s - a scroll of enchant weapon {unknown}
 t - a scroll of fear {unknown}
 u - a scroll of enchant armour {unknown}
 w - a scroll of blinking {unknown}
 y - a scroll of remove curse
 z - a scroll of magic mapping {unknown}
Potions
 b - a potion of degeneration {unknown}
 h - 3 potions of lignification {unknown}
 i - a potion of mutation
 q - a potion of resistance {unknown}
 r - 3 potions of curing
 v - a potion of haste
 D - a potion of flight {unknown}
Comestibles
 c - 6 rations
 C - 4 chunks of flesh


   Skills:
 + Level 5.5 Fighting
 + Level 6.2 Axes
 + Level 3.8 Armour
 + Level 3.0 Dodging


You had 5 spell levels left.
You didn't know any spells.
Your spell library was empty.

Dungeon Overview and Level Annotations

Branches:
Dungeon (4/15)
 Temple: D:4-7

Altars:


Innate Abilities, Weirdness & Mutations

You are partially covered in iridescent scales. (AC +2)
You are agile. (Dex +2)
Your mind is acute. (Int +2)
Your body sometimes deteriorates upon taking damage.


Message History

You hit the ice beast but do no damage.
The ice beast is lightly wounded.
The ice beast hits you. The ice beast freezes you! The ice beast misses you.
You closely miss the ice beast.
The ice beast is lightly wounded.
The ice beast hits you. The ice beast freezes you!
* * * LOW HITPOINT WARNING * * *
You hit the ice beast but do no damage.
The ice beast is lightly wounded.
You block the ice beast's attack.
The ice beast hits you but does no damage.
You barely miss the ice beast.
The ice beast is lightly wounded.
You block the ice beast's attack.
You slash the ice beast!
The ice beast is heavily wounded.
The ice beast hits you.
* * * LOW HITPOINT WARNING * * *
The ice beast freezes you!
You die...

#.######.#.... .#.#
#.#.# #.# #.####.
.......(... #.######.#
#.
.#.#.#.#.#.###........#
#. .............
########## #.
.#.#.#.#.#.## #.
...........# #.
#.#.#.#.#.## ####.
......)†Y@.# #.>..
#.#.#.#(#.## #.#..
..####.##..###
#######....
#..<......##
#.......... #######.###
#.#####.##. #.# #.#
#.##. #.# #.# #.... #.#
#.# ####'
###.###########.# ##..


You could see a neutral ice beast (insane).

Vanquished Creatures
  A howler monkey (D:2)
  A crimson imp (D:4)
  A bullfrog skeleton (D:4)
  2 orc priests
  An orc wizard (D:4)
  Terence (D:3)
  A worker ant (D:4)
  4 adders
  An adder skeleton (D:3)
  2 worms (D:2)
  4 dart slugs
  3 leopard geckos
  12 orcs
  5 giant cockroaches
  6 goblins
  4 hobgoblins
  7 kobolds
  2 quokkas
  A ball python (D:3)
  9 bats
  7 frilled lizards
  A jackal skeleton (D:4)
  8 rats
84 creatures vanquished.

Vanquished Creatures (collateral kills)
  A gnoll (D:4)
  A frilled lizard (D:4)
2 creatures vanquished.

Vanquished Creatures (others)
  2 ogres (D:4)
  A worker ant (D:4)
  An adder (D:4)
  A jackal (D:4)
  A quokka (D:4)
  A frilled lizard (D:4)
7 creatures vanquished.

Grand Total: 93 creatures vanquished

Notes
Turn   | Place    | Note
-------+----------+-------------------------------------------
     0 | D:1      | CloutOrc the Hill Orc Berserker began the quest for the
                  | Orb.
     0 | D:1      | Reached XP level 1. HP: 19/19 MP: 1/1
    68 | D:1      | Reached XP level 2. HP: 19/27 MP: 2/2
   588 | D:1      | Reached ** piety under Trog
   595 | D:1      | Reached XP level 3. HP: 33/33 MP: 3/3
  1288 | D:2      | Reached skill level 5 in Axes
  1591 | D:2      | Reached XP level 4. HP: 31/41 MP: 4/4
  1945 | D:2      | Gained mutation: You are agile. (Dex +2) [potion of
                  | mutation]
  1945 | D:2      | Gained mutation: Your body sometimes deteriorates upon
                  | taking damage. [potion of mutation]
  1945 | D:2      | Gained mutation: Your mind is acute. (Int +2) [potion of
                  | mutation]
  1945 | D:2      | Gained mutation: You are partially covered in iridescent
                  | scales. (AC +2) [potion of mutation]
  2017 | D:2      | Reached XP level 5. HP: 46/47 MP: 5/5
  2220 | D:3      | Reached *** piety under Trog
  2260 | D:3      | Reached skill level 5 in Fighting
  2288 | D:3      | Noticed Terence
  2298 | D:3      | Killed Terence
  2673 | D:4      | Killed an ogre
  2689 | D:4      | Killed an ogre
  2743 | D:4      | Reached XP level 6. HP: 43/56 MP: 6/6
  2746 | D:4      | Reached skill level 6 in Axes
  3232 | D:4      | Noticed an ice beast
  3250 | D:4      | Mangled by an ice beast

Levels and vault maps discovered:
D:1:      minmay_arrival_stone_box, layout_basic
D:2:      layout_basic, first_ration
D:3:      layout_rooms, uniq_terence
D:4:      layout_loops_corners, xom_confusion_cloud, serial_shops, shop_statue,
          st_stairs_11, uniq_menkaure

Skill      XL: |  1  2  3  4  5  6 |
---------------+-------------------+-----
Fighting       | 4 5 |  5.5
Axes           | 5 6 |  6.2
Dodging        | 2 3 |  3.0
Armour         | 3 |  3.8

Action                   |  1- 3 |  4- 6 || total
-------------------------+-------+-------++-------
Melee: Hand axe          |   114 |   130 ||   244
Throw: Boomerang         |       |    57 ||    57
       Dart              |       |     2 ||     2
       Stone             |       |     2 ||     2
Invok: Berserk           |       |     1 ||     1
  Use: Scroll            |     1 |     1 ||     2
       Potion            |       |     2 ||     2
  Eat: Chunk             |     2 |     7 ||     9
Armor: Animal skin       |    10 |       ||    10
       Leather armour    |     7 |       ||     7
       Ring mail         |     8 |    33 ||    41
       Chain mail        |       |    19 ||    19
Dodge: Dodged            |    67 |    73 ||   140
Block: Buckler           |    21 |    29 ||    50

Table legend:
 A = Non-vault XP
 B = Vault XP
 C = Vault XP percentage of total XP
 D = Non-vault monster count
 E = Vault monster count
 F = Vault count percentage of total count
                 A         B        C        D         E       F
            +---------+---------+-------+---------+---------+-------
      Total |     464 |      85 |  15.5 |      82 |       4 |   4.7
            +---------+---------+-------+---------+---------+-------
        D:1 |      46 |       0 |   0.0 |      26 |       0 |   0.0
        D:2 |     126 |       0 |   0.0 |      18 |       0 |   0.0
        D:3 |      88 |      36 |  29.0 |      23 |       1 |   4.2
        D:4 |     204 |      49 |  19.4 |      15 |       3 |  16.7
            +---------+---------+-------+---------+---------+-------
